 Dungeon Crawl Stone Soup version 0.20.0-8-g6b59dc7 (webtiles) character file.

154 Locuples the Covert (level 5, 0/38 HPs)
             Began as a Vampire Assassin on May 31, 2017.
             Slain by a bullfrog (8 damage)
             ... on level 3 of the Dungeon.
             The game lasted 00:08:13 (2290 turns).

Locuples the Covert (Vampire Assassin)              Turns: 2290, Time: 00:08:14

Health: 0/38       AC:  5    Str: 10 (11) XL:     5   Next: 13%
Magic:  5/5        EV: 11    Int: 14 (15) God:
Gold:   119        SH:  0    Dex: 16      Spells: 4/4 levels left

rFire    . . .     SeeInvis +   a - +2 dagger
rCold    + . .     Gourm    .   (no shield)
rNeg     + + .     Faith    .   h - +0 leather armour
rPois    +         Spirit   .   (no helmet)
rElec    .         Reflect  .   b - +0 cloak
rCorr    .         Harm     .   o - +0 pair of gloves
MR       .....                  (no boots)
Stlth    +++++.....             (no amulet)
Regen    0.1/turn               (no ring)
MPRegen  0.1/turn               (no ring)

@: regenerating slowly
A: fangs 3, see invisible, clever 1, deterioration 1, unbreathing
a: Bat Form


You were on level 3 of the Dungeon.
You were very thirsty.

You visited 1 branch of the dungeon, and saw 3 of its levels.

You collected 119 gold pieces.

Inventory:

Hand Weapons
 a - a +2 dagger (weapon)
Armour
 b - a +0 cloak (worn)
 h - a +0 leather armour (worn)
 o - a +0 pair of gloves (worn)
Scrolls
 c - 4 scrolls of identify {unknown}
 d - a scroll of amnesia {unknown}
 f - a scroll of fog {unknown}
 j - a scroll of enchant weapon {unknown}
 m - a scroll of teleportation {unknown}
 n - a scroll of enchant armour {unknown}
 p - a scroll of recharging {unknown}
Potions
 e - 3 potions of curing
 g - 14 potions of blood
 i - a potion of invisibility {unknown}
 k - a potion of mutation
 l - 2 potions of brilliance {unknown}


   Skills:
 - Level 1.7 Fighting
 - Level 2.1 Short Blades
 - Level 1.5 Throwing
 - Level 1.1 Dodging
 * Level 9.8 Stealth


You had 4 spell levels left.
You didn't know any spells.

Dungeon Overview and Level Annotations

Branches:
Dungeon (3/15)

Altars:
Xom

Annotations:
D:3 Natasha


Innate Abilities, Weirdness & Mutations

You heal slowly.
You have razor-sharp teeth.
You have supernaturally acute eyesight. (SInv)
You can survive without breathing.
Your mind is acute. (Int +2)
Your body sometimes deteriorates upon taking damage.


Message History

The bullfrog hits you.
You barely miss the bullfrog.
The bullfrog is almost dead.
The bullfrog hits you. x2
Yummy - fresh blood!
You are feeling very thirsty.
The bullfrog hits you.
* * * LOW HITPOINT WARNING * * *
Your body deteriorates!
You feel weakened.
Natasha casts a spell.
The bullfrog hits you.
* * * LOW HITPOINT WARNING * * *
The bullfrog completely misses you. The bullfrog misses you.
The bullfrog hits you but does no damage.
The bullfrog barely misses you.
The bullfrog hits you but does no damage.
You see here 20 bolts.
The bullfrog hits you!
You die...

############## #........#
.............## #........#
...#########..###..%.....########
....5).o.h.................).....
...##########hg##.....###........
...ยง...# ##o##.....# #..######
.......# #..#.....# #..##....
.......# ##F#.....# #..###.#.
##.....# #.@###### #..##<...
#.....# #............###.##
#.....# #...########.# #...
.....# ####.#.# #. ##### #.##.#.#
#.##.... ###.##.... #.##.###
#<..#####.. #.##.# #.# .. #.##.#
#.# #) #.##.#


You could see a bullfrog, Natasha, an orc and a hobgoblin.

Vanquished Creatures
  Natasha (D:3)
  Robin (D:3)
  5 adders (D:2)
  2 worms (D:2)
  A dart slug (D:1)
  2 leopard geckos
  2 orcs (D:3)
  2 ball pythons
  5 bats
  2 giant cockroaches (D:2)
  12 goblins
  9 hobgoblins
  6 jackals (D:2)
  2 kobolds (D:2)
  2 frilled lizards
  3 rats
57 creatures vanquished.

Notes
Turn   | Place    | Note
-------+----------+-------------------------------------------
     0 | D:1      | Locuples the Vampire Assassin began the quest for the Orb.
     0 | D:1      | Reached XP level 1. HP: 16/16 MP: 1/1
     1 | D:1      | Noticed an electric eel
    97 | D:1      | Reached skill level 6 in Stealth
   257 | D:1      | Found a shimmering altar of Xom.
   299 | D:1      | You fall through a shaft!
   318 | D:1      | Reached XP level 2. HP: 22/22 MP: 2/2
   704 | D:2      | Reached skill level 7 in Stealth
   744 | D:2      | Reached XP level 3. HP: 10/27 MP: 3/3
   884 | D:2      | Reached skill level 8 in Stealth
  1215 | D:2      | Reached XP level 4. HP: 8/33 MP: 4/4
  1871 | D:2      | Reached skill level 9 in Stealth
  1969 | D:3      | Noticed Robin
  2000 | D:3      | Killed Robin
  2071 | D:3      | Noticed Natasha
  2078 | D:3      | Killed Natasha
  2078 | D:3      | Reached XP level 5. HP: 28/38 MP: 5/5
  2247 | D:3      | Noticed Natasha
  2265 | D:3      | Gained mutation: Your body sometimes deteriorates upon taking damage. [potion of mutation]
  2265 | D:3      | Gained mutation: Your mind is acute. (Int +2) [potion of mutation]
  2290 | D:3      | Slain by a bullfrog

Skill      XL: |  1  2  3  4 |
---------------+-------------+-----
Stealth        | 6 7 8 9 |  9.8
Fighting       | |  1.7
Short Blades   | |  2.1
Throwing       | |  1.5
Dodging        | |  1.1

Action                   |  1- 3 |  4- 6 || total
-------------------------+-------+-------++-------
Melee: Dagger            |   101 |   120 ||   221
       Bite              |     8 |     6 ||    14
  Use: Scroll            |     1 |       ||     1
       Potion            |       |     5 ||     5
 Stab: Sleeping          |     6 |     4 ||    10
Armor: Leather armour    |    25 |    39 ||    64
Dodge: Dodged            |    58 |    64 ||   122
